 Dungeon Crawl Stone Soup version 0.31.0-32-g396128a36d (webtiles) character file.

Game seed: 7825745090617156274

5770 EvergreenForest the Cleaver (level 10, -4/78 HPs)
             Began as a Minotaur Berserker on Mar 14, 2024.
             Was a High Priest of Trog.
             Slain by a rakshasa (illusionary)
             ... wielding a +0 long sword of electrocution
              (15 damage)
             ... on level 8 of the Dungeon on Mar 21, 2024.
             The game lasted 02:04:31 (14166 turns).

EvergreenForest the Cleaver (Minotaur Berserker)   Turns: 14166, Time: 02:04:32

Health: -4/78      AC: 18    Str: 26    XL:     10   Next: 49%
Magic:  9/9        EV:  9    Int:  4    God:    Trog [*****.]
Gold:   303        SH:  0    Dex: 10    Spells: 9/9 levels left

rFire   + . .        y - +3 trident (drain)
rCold   . . .        (no shield)
rNeg    . . .        h - +3 chain mail
rPois   .            I - +1 hat {Stlth+}
rElec   .            o - +1 cloak
rCorr   .            n - +0 pair of gloves
SInv    .            K - +0 pair of boots
Will    ++...        m - amulet of faith Stlth
                     e - ring of protection from fire
HPRegen 1.33/turn    (no ring)
MPRegen 0.11/turn

%: faith
@: strong-willed, spiked, on berserk cooldown, regenerating, slowed, studying
Hexes, very slow
A: horns 2, retaliatory headbutt
a: Renounce Religion, Berserk, Trog's Hand, Brothers in Arms


You were on level 8 of the Dungeon.
You worshipped Trog.
Trog was extremely pleased with you.
You visited 2 branches of the dungeon, and saw 9 of its levels.

You collected 303 gold pieces.

Inventory:

Hand Weapons
 a - a +0 hand axe of protection
 i - a +2 falchion of freezing
 k - a +0 war axe
 y - a +3 trident of draining (weapon)
 A - a +1 heavy flail
Missiles
 b - 2 atropa-tipped darts
 d - 69 stones
 f - 17 poisoned darts (quivered)
 p - 7 boomerangs
 w - 7 curare-tipped darts
Armour
 h - a +3 chain mail (worn)
 n - a +0 pair of gloves (worn)
 o - a +1 cloak (worn)
 I - a +1 hat of stealth (worn)
 K - a +0 pair of boots (worn)
 L - a +0 robe of positive energy
Jewellery
 e - a ring of protection from fire (left hand)
 m - an amulet of faith (around neck)
 r - an amulet of reflection
 J - a ring of resist corrosion
Wands
 s - a wand of acid (7)
Scrolls
 t - a scroll of immolation
 u - a scroll of vulnerability {unknown}
 v - a scroll of noise
 z - a scroll of amnesia {unknown}
 C - a scroll of acquirement {unknown}
 D - a scroll of teleportation
 E - 2 scrolls of fear
 G - a scroll of summoning {unknown}
 H - 3 scrolls of fog
Potions
 c - a potion of lignification
 j - 2 potions of mutation
 l - a potion of ambrosia
 q - a potion of magic
 x - 2 potions of curing
 B - a potion of cancellation {unknown}
 F - a potion of enlightenment {unknown}


   Skills:
 - Level 4.0 Fighting
 - Level 14.8(16.1) Axes
 - Level 10.4(14.0) Polearms
 - Level 0.2 Throwing
 + Level 5.5 Armour
 - Level 2.3 Dodging
 - Level 0.1 Stealth


You had 9 spell levels left.
You didn't know any spells.
Your spell library contained the following spells:

 Spells                   Type           Power      Damage    Failure   Level
 Kiss of Death            Conj/Necr      0%         2d5       95%         1
 Magic Dart               Conj           0%         1d3       95%         1
 Blink                    Tloc           0%         N/A       99%         2
 Call Imp                 Summ           0%         N/A       99%         2
 Ensorcelled Hibernation  Hex/Ice        0%         N/A       99%         2
 Confusing Touch          Hex            0%         N/A       100%        3
 Inner Flame              Hex/Fire       0%         N/A       100%        3
 Passwall                 Erth           0%         N/A       100%        3
 Swiftness                Air            0%         N/A       100%        3
 Dispel Undead            Necr           0%         3d6       100%        4
 Irradiate                Conj/Alch      0%         3d11      100%        5
 Ignition                 Fire           0%         3d3       100%        8


Dungeon Overview and Level Annotations

Branches:
Dungeon (8/15)             Temple (1/1) D:5
   Lair: D:8-11

Altars:
Cheibriados
Dithmenos
Elyvilon
Fedhas
Gozag
Hepliaklqana
Kikubaaqudgha
Makhleb
Nemelex Xobeh
Okawaru
Qazlal
Ru
Sif Muna
Trog
Vehumet
Xom
Yredelemnul
Zin
The Shining One

Shops:
D:4 =*

Annotations:
D:4 2 transporters, jkubb29's ghost, amateur DsNe


Innate Abilities, Weirdness & Mutations

You have a pair of horns on your head.
You reflexively headbutt those who attack you in melee.


Message History

The barbed spikes become lodged in your body.
The manticore flicks its tail.
The volley of spikes skewers you.
The barbed spikes become lodged in your body.
You puncture the rakshasa! Your headbutt misses the rakshasa.
The rakshasa is heavily wounded.
The injured rakshasa weaves a defensive illusion!
You puncture the rakshasa! Your headbutt misses the rakshasa.
The rakshasa is almost dead.
The rakshasa hits you with a +0 long sword of electrocution!
* * * LOW HITPOINT WARNING * * *
The rakshasa barely misses you. You furiously retaliate!
You headbutt the rakshasa!!
You kill the rakshasa!
The rakshasa shimmers and vanishes!
You completely miss the rakshasa.
The rakshasa is almost dead.
You hit the rakshasa.
The rakshasa is almost dead.
You are no longer berserk.
You are exhausted.
You feel yourself slow down.
You closely miss the rakshasa. Your headbutt misses the rakshasa.
The rakshasa is almost dead.
The rakshasa barely misses you.
You closely miss the rakshasa. Your headbutt misses the rakshasa.
The rakshasa is almost dead.
The rakshasa hits you but does no damage. x2
The manticore bites you but does no damage.
The manticore closely misses you. The manticore claws you.
* * * LOW HITPOINT WARNING * * *
The manticore bites you!
* * * LOW HITPOINT WARNING * * *
The manticore barely misses you.
The manticore claws you but does no damage.
Your skin crawls.
You feel strong-willed.
The rakshasa hits you but does no damage.
The rakshasa hits you with a +0 long sword of electrocution!
You die...

#......'..#.............#
#......#..#.............#
#......#..#.............#
#......#..'.............#
#......####.............#
##'##.........###########
#..#.........#
#..#...RH....#
#..#...@R....#
#..#....H†...#+##
#########'##....#
#.......#>...#
#.......#....#
#.......#....#
#.......#.HH.#
#.......#....#
#####.###.##.R..#######+


You could see 2 rakshasas and 2 manticores.

Vanquished Creatures
  Gastronok (D:8)
  Pikel (D:6)
  A manticore (D:8)
  Maggie (D:8)
  Jeremiah (D:6)
  Prince Ribbit (D:7)
  A wyvern (D:5)
  A wraith (D:7)
  A yak (D:5)
  An orc warrior (D:7)
  2 ice beasts
  3 ogres (D:5)
  4 lemures (D:6)
  2 centaurs
  3 kobold brigands
  5 scorpions
  A gnoll sergeant (D:8)
  2 howler monkeys
  A bombardier beetle (D:5)
  A hound (D:6)
  4 jellies
  6 orc priests
  A gnoll bouda (D:4)
  2 sleepcaps
  3 iguanas
  17 orc wizards
  18 gnolls
  6 adders
  2 ufetubi (D:7)
  5 dart slugs
  3 ribbon worms
  45 orcs
  7 ball pythons
  7 bats
  10 endoplasms
  6 giant cockroaches
  5 goblins
  9 hobgoblins
  3 jackals (D:4)
  14 kobolds
  2 quokkas (D:1)
  5 frilled lizards
  2 rats
216 creatures vanquished.

Vanquished Creatures (others)
  An arcanist (D:5)
1 creature vanquished.

Grand Total: 217 creatures vanquished

Notes
Turn   | Place    | Note
-------+----------+-------------------------------------------
     0 | D:1      | EvergreenForest the Minotaur Berserker began the quest for
                  | the Orb.
     0 | D:1      | Reached XP level 1. HP: 19/19 MP: 0/0
   281 | D:1      | Reached XP level 2. HP: 25/27 MP: 1/1
   293 | D:1      | Reached skill level 4 in Axes
  1665 | D:2      | Reached XP level 3. HP: 33/33 MP: 2/2
  1738 | D:2      | Reached ** piety under Trog
  2130 | D:2      | Reached skill level 5 in Axes
  2195 | D:2      | Reached XP level 4. HP: 31/40 MP: 3/3
  3489 | D:3      | Reached skill level 6 in Axes
  3726 | D:3      | Reached XP level 5. HP: 33/46 MP: 4/4
  4090 | D:3      | Reached skill level 7 in Axes
  4327 | D:3      | Reached *** piety under Trog
  4515 | D:3      | Reached XP level 6. HP: 52/52 MP: 5/5
  5063 | D:4      | Reached skill level 8 in Axes
  5177 | D:4      | Found Isemenac's Assorted Antiques.
  5220 | D:4      | Found Xuifrew's Jewellery Shoppe.
  5459 | D:4      | Found a transporter.
  5459 | D:4      | Noticed jkubb29's ghost (amateur DsNe)
  5483 | D:4      | Found a shimmering blue altar of Sif Muna.
  5861 | D:4      | Found a shimmering blue altar of Sif Muna.
  5916 | D:4      | Reached skill level 9 in Axes
  6091 | D:4      | Found a transporter.
  6130 | D:4      | Reached XP level 7. HP: 55/59 MP: 6/6
  6347 | D:5      | Entered Level 5 of the Dungeon
  6464 | D:5      | Found a staircase to the Ecumenical Temple.
  6536 | D:5      | Reached **** piety under Trog
  6537 | D:5      | Reached skill level 10 in Axes
  6805 | D:5      | Reached skill level 11 in Axes
  6845 | D:5      | Reached XP level 8. HP: 29/66 MP: 7/7
  7110 | D:5      | Found a bloodstained altar of Trog.
  7127 | D:5      | Reached skill level 12 in Axes
  7179 | D:5      | Noticed a wizard
  7184 | D:5      | Killed a wizard
  7238 | D:5      | Found a snail-covered altar of Cheibriados.
  7348 | D:5      | Found a shadowy altar of Dithmenos.
  7427 | D:5      | Reached skill level 13 in Axes
  7766 | D:5      | Found an opulent altar of Gozag.
  8276 | D:6      | Noticed Jeremiah
  8409 | D:6      | Killed Jeremiah
  8524 | D:6      | Reached skill level 14 in Axes
  8524 | D:6      | Reached XP level 9. HP: 67/71 MP: 8/8
  8804 | D:6      | Reached skill level 1 in Polearms
  9870 | D:6      | Noticed Pikel
 10454 | Temple   | Entered the Ecumenical Temple
 10789 | D:6      | Killed Pikel
 11797 | D:7      | Found a white marble altar of Elyvilon.
 11853 | D:7      | Reached skill level 5 in Polearms
 12060 | D:7      | Reached ***** piety under Trog
 12610 | D:7      | Noticed Prince Ribbit
 12623 | D:7      | Killed Prince Ribbit
 12835 | D:7      | Found a basalt altar of Yredelemnul.
 12837 | D:7      | Found a radiant altar of Vehumet.
 13144 | D:8      | Reached XP level 10. HP: 78/78 MP: 9/9
 13521 | D:8      | Noticed Maggie
 13539 | D:8      | Killed Maggie
 13955 | D:8      | Found a blossoming altar of Fedhas.
 14017 | D:8      | Noticed Gastronok
 14032 | D:8      | Killed Gastronok
 14033 | D:8      | Reached skill level 10 in Polearms
 14108 | D:8      | Noticed a rakshasa
 14108 | D:8      | Noticed a manticore
 14153 | D:8      | Killed a manticore
 14154 | D:8      | Reached skill level 5 in Armour
 14166 | D:8      | Slain by a rakshasa (illusionary)

Illustrated notes

Levels and vault maps discovered:
D:1:      shiori_arrival_elements, layout_basic
D:2:      layout_basic, corexii_leaking_fountain
D:3:      layout_rooms
D:4:      layout_basic, led_sif_pool, serial_shops,
          nicolae_shop_competitors_out_of_business, nicolae_shop_stone,
          gammafunk_ghost_mausoleum, serial_corexii_hall,
          corexii_hall_statues_i, corexii_hall_statues_t, kennysheep_doodads,
          kennysheep_diamond
D:5:      layout_basic, slow_altar_2, lemuel_crystal_altar,
          kennysheep_little_box, trog_wizard,
          minmay_temple_entry_statues_pillars, minmay_manual_macuahuitl
D:6:      nicolae_whirlpool, layout_layer_cave, kennysheep_generic_room_9,
          uniq_pikel, uniq_jeremiah
D:7:      layout_rooms, mainiacjoe_overflow_brackets, minitemple,
          serial_corexii_hall, chequers_hall_statues_wall_a,
          corexii_hall_statues_x, chequers_hall_statues_wall_a,
          uniq_prince_ribbit1
D:8:      layout_gridville, fedhas_altar_4, ashenzari_conservatory_becter,
          nicolae_twisty_statue_hallways, uniq_maggie, uniq_gastronok
Temple:   eino_wide_crystal_templ

Skill      XL: |  1  2  3  4  5  6  7  8  9 10 |
---------------+-------------------------------+-----
Axes           | 4 5 6 7 9 11 14 | 14.8
Fighting       | 4 |  4.0
Polearms       | 8 10 | 10.4
Armour         | 5 |  5.5
Throwing       | |  0.2
Dodging        | |  2.3
Stealth        | |  0.1

Action                     |  1- 3 |  4- 6 |  7- 9 | 10-12 || total
---------------------------+-------+-------+-------+-------++-------
  Melee: Hand axe          |    57 |   198 |   168 |       ||   423
         Headbutt          |    13 |    38 |    47 |    12 ||   110
         Punch             |       |     2 |     6 |     1 ||     9
         Falchion          |       |     3 |       |       ||     3
         Trident           |       |       |   164 |    59 ||   223
  Throw: Stone             |    19 |     3 |     5 |       ||    27
         Dart              |       |       |       |     1 ||     1
 Invoke: Berserk           |       |       |     4 |     2 ||     6
         Trog's Hand       |       |       |       |     2 ||     2
    Use: Scroll            |     1 |     7 |     5 |     1 ||    14
         Potion            |       |     1 |     1 |     1 ||     3
 Armour: Animal skin       |    22 |    40 |       |       ||    62
         Chain mail        |       |    76 |   207 |    57 ||   340
  Dodge: Dodged            |    38 |    86 |   108 |    20 ||   252
